 Dungeon Crawl Stone Soup version 0.29.1-15-g9cfb28693d (webtiles) character file.

Game seed: 6165486253133247420

232 Groucho the Caller (level 5, -5/28 HPs)
             Began as a Deep Elf Summoner on Apr 7, 2023.
             Slain by a gnoll
             ... wielding a +0 flail
              (12 damage)
             ... on level 4 of the Dungeon.
             The game lasted 00:10:00 (6807 turns).

Groucho the Caller (Deep Elf Summoner)              Turns: 6807, Time: 00:10:01

Health: -5/28      AC:  2    Str:  5    XL:     5   Next: 73%
Magic:  10/13      EV: 17    Int: 22    God:
Gold:   36         SH:  0    Dex: 15    Spells: 3/12 levels left

rFire   . . .      SeeInvis .   i - +2 whip (elec)
rCold   . . .      Faith    .   (no shield)
rNeg    . . .      Spirit   .   a - +0 robe
rPois   .          Reflect  .   (no helmet)
rElec   .          Harm     .   (no cloak)
rCorr   .          Rampage  .   (no gloves)
Will    .....                   (no boots)
Stlth   +++.......              (no amulet)
HPRegen 0.09/turn               l - +4 ring of evasion
MPRegen 0.13/turn               (no ring)

@: no status effects
A: no striking features
a: no special abilities


You were on level 4 of the Dungeon.
You visited 1 branch of the dungeon, and saw 4 of its levels.

You collected 205 gold pieces.
You spent 169 gold pieces at shops.

Inventory:

Hand Weapons
 c - a +0 short sword
 i - a +2 whip of electrocution (weapon)
Missiles
 u - 2 curare-tipped darts
Armour
 a - a +0 robe (worn)
Jewellery
 l - a +4 ring of evasion (left hand)
 v - a +6 ring of strength
Scrolls
 e - 2 scrolls of butterflies
 g - 2 scrolls of fear
 h - a scroll of enchant armour {unknown}
 k - 4 scrolls of magic mapping
 n - a scroll of teleportation {unknown}
 o - a scroll of enchant weapon
 w - a scroll of vulnerability
Potions
 b - 2 potions of magic
 d - 3 potions of lignification
 j - a potion of brilliance {unknown}
 p - a potion of haste {unknown}
 q - a potion of degeneration {unknown}
 r - a potion of flight {unknown}
 s - a potion of curing {unknown}
 t - a potion of resistance {unknown}


   Skills:
 + Level 3.7 Dodging
 + Level 4.0 Stealth
 + Level 4.4 Spellcasting
 + Level 2.0 Hexes
 * Level 5.8 Summonings


You had 3 spell levels left.
You knew the following spells:

 Your Spells              Type           Power      Damage    Failure   Level
a - Summon Small Mammal   Summ           100%       N/A       1%          1
b - Call Imp              Summ           30%        N/A       1%          2
c - Call Canine Familiar  Summ           30%        N/A       3%          3
d - Summon Guardian Gole  Hex/Summ       22%        N/A       6%          3

Your spell library contained the following spells:

 Spells                   Type           Power      Damage    Failure   Level
 Apportation              Tloc           8%         N/A       11%         1
 Summon Lightning Spire   Summ/Air       17%        N/A       32%         4
 Alistair's Intoxication  Tmut/Pois      2%         N/A       96%         5


Dungeon Overview and Level Annotations

Branches:
Dungeon (4/15)
 Temple: D:4-7

Altars:

Shops:
D:4 ??:?


Message History

There is an open door here.
There is a fountain of clear blue water here.
There is an entrance to Gaolo's Book Shop here.
There is a fountain of clear blue water here.
There is a fountain of clear blue water here.
Found a stone staircase leading down.
Found Faleanext's Magic Scroll Emporium.
There is an entrance to Faleanext's Magic Scroll Emporium here.
m - 2 scrolls of noise (gained 1) Thank you for shopping at Faleanext's Magic Scroll Emporium!
You now have 36 gold pieces (gained 9).
You drop 2 scrolls of noise.
A gnoll comes into view. It is wielding a +0 whip.
A gnoll is nearby!
A gnoll comes into view. It is wielding a +0 flail.
Found a stone staircase leading down.
A gnoll comes into view. It is wielding a +0 halberd.
Found Atot's Magic Scroll Shop.
The gnoll shouts!
A gnoll comes into view. It is wielding a +0 whip.
You closely miss the gnoll.
The gnoll drinks a potion.
The gnoll flickers and vanishes!
Deactivating autopickup; reactivate with Ctrl-A.
The gnoll closely misses you.
You barely miss the gnoll. The gnoll hits you with a +0 whip!
You barely miss the gnoll. The gnoll misses you. Something hits you.
Casting: Call Canine Familiar (dangerous; 3% risk of failure)
Confirm with . or Enter, or press ? or * to list all spells.
A beastly little devil appears in a puff of flame.
Something barely misses you. The gnoll misses you. The gnoll barely misses you.
The gnoll attacks as you move away! The gnoll hits you with a +0 whip!
* * * LOW HITPOINT WARNING * * *
Your crimson imp blinks!
Something closely misses you. The gnoll closely misses you.
Your crimson imp closely misses the gnoll.
Casting: Call Imp (safe; 1% risk of failure)
Confirm with . or Enter, or press ? or * to list all spells.
Something hits you!
You die...

...........#
.....
..........#
.....
..........#
.....
.##..##..##
...##
#..##..###.## #
#...∩...'...' #
#...?...#...# #
##.###### .## #
##@#######'# #
#5g{g...g... ##
#...r..>.... #.
#........... #.
.'........... #.
...#..........#
#.
....###.#...#..#
## ...
...#.#...# # ...
... ∩....'


You could see 3 gnolls, a friendly crimson imp (summoned) and a friendly quokka
(summoned).

Vanquished Creatures
  3 adders (D:3)
  A ball python (D:2)
  3 bats
  An endoplasm (D:3)
  A giant cockroach (D:1)
  A hobgoblin (D:2)
  5 jackals
  A quokka (D:3)
  A frilled lizard (D:2)
  3 goblins
  3 kobolds
  2 rats
25 creatures vanquished.

Vanquished Creatures (collateral kills)
  An ogre (D:4)
  An iguana (D:3)
  An adder (D:4)
  A worm (D:3)
  8 orcs
  4 ball pythons
  A bat (D:1)
  7 endoplasms
  5 goblins
  4 hobgoblins
  5 jackals (D:1)
  4 kobolds (D:1)
  A quokka (D:1)
  3 frilled lizards
  3 rats
  A spectral goblin (D:1)
50 creatures vanquished.

Grand Total: 75 creatures vanquished

Notes
Turn   | Place    | Note
-------+----------+-------------------------------------------
     0 | D:1      | Groucho the Deep Elf Summoner began the quest for the Orb.
     0 | D:1      | Reached XP level 1. HP: 10/10 MP: 6/6
  1211 | D:1      | Reached XP level 2. HP: 9/15 MP: 5/8
  1525 | D:1      | Learned a level 2 spell: Call Imp
  1916 | D:1      | Found a faded altar of an unknown god.
  2540 | D:1      | Reached XP level 3. HP: 19/19 MP: 7/9
  3637 | D:2      | Reached skill level 5 in Summonings
  4499 | D:2      | You fall into a shaft and drop 1 floor!
  4871 | D:3      | Reached XP level 4. HP: 24/24 MP: 8/11
  4875 | D:3      | Learned a level 3 spell: Call Canine Familiar
  4879 | D:3      | Learned a level 3 spell: Summon Guardian Golem
  5189 | D:3      | Reached skill level 1 in Hexes
  5743 | D:3      | Reached XP level 5. HP: 22/28 MP: 13/13
  6215 | D:4      | Found Xushulu's Magic Scroll Shoppe.
  6225 | D:4      | Bought a scroll of vulnerability for 52 gold pieces
  6225 | D:4      | Bought a scroll of identify for 26 gold pieces
  6225 | D:4      | Bought a scroll of fear for 52 gold pieces
  6225 | D:4      | Bought a scroll of identify for 26 gold pieces
  6284 | D:4      | Found Gaolo's Book Shop.
  6290 | D:4      | Noticed an ogre
  6311 | D:4      | Killed an ogre
  6782 | D:4      | Found Faleanext's Magic Scroll Emporium.
  6791 | D:4      | Bought a scroll of noise for 13 gold pieces
  6798 | D:4      | Found Atot's Magic Scroll Shop.
  6807 | D:4      | Slain by a gnoll

Illustrated notes

Levels and vault maps discovered:
D:1:      nagdon_arrival_zigzag_paths, layout_basic,
          dreamdust_ecumenical_altar_drowned_temple, hangedman_decor_push,
          st_stairs_5
D:2:      layout_loops_ring, serial_forest, infiniplex_forest_straight_4,
          infiniplex_forest_lined_corner, infiniplex_forest_straight_5,
          infiniplex_forest_lined_corner, infiniplex_forest_lined_room_3,
          infiniplex_forest_straight_5, infiniplex_forest_lined_2,
          uniq_crazy_yiuf_cottage
D:3:      layout_loops_ring
D:4:      layout_gridville, gammafunk_ghost_nasty_kobolds, serial_shops,
          nicolae_shop_stone, shop_fountains, nicolae_shop_stone,
          nicolae_shop_advertising_works [nicolae_subvault_shop_adworks], shop,
          uniq_grinder

Skill      XL: |  1  2  3  4  5 |
---------------+----------------+-----
Stealth        | 3 4 |  4.0
Dodging        | 3 |  3.7
Summonings     | 5 |  5.8
Hexes          | 1 2 |  2.0
Spellcasting   | 4 |  4.4

Action                   |  1- 3 |  4- 6 || total
-------------------------+-------+-------++-------
Melee: Short sword       |    48 |       ||    48
       Punch             |     2 |       ||     2
       Unarmed           |     1 |       ||     1
       Whip              |    38 |    39 ||    77
 Cast: Summon Small Mamm |    25 |     8 ||    33
       Call Imp          |    18 |     8 ||    26
       Call Canine Famil |       |     1 ||     1
  Use: Scroll            |       |     4 ||     4
 Stab: Sleeping          |     2 |     4 ||     6
Armor: Robe              |    26 |     8 ||    34
Dodge: Dodged            |   152 |    33 ||   185
